 Dungeon Crawl Stone Soup version 0.29.0-5-ge4962eb29e (webtiles) character file.

Game seed: 14042588283434530012

143 LynnLen the Sneak (level 5, 0/26 HPs)
             Began as a Spriggan Enchanter on Aug 29, 2022.
             Succumbed to an adder's poison
             ... on level 3 of the Dungeon.
             The game lasted 00:14:14 (3988 turns).

LynnLen the Sneak (Spriggan Enchanter)              Turns: 3988, Time: 00:14:15

Health: 0/26       AC:  2    Str:  8    XL:     5   Next: 4%
Magic:  12/12      EV: 17    Int: 18    God:
Gold:   100        SH:  0    Dex: 14    Spells: 4/12 levels left

rFire   . . .      SeeInvis +   a - +1 dagger
rCold   . . .      Faith    .   (no shield)
rNeg    . . .      Spirit   .   b - +0 robe
rPois   .          Reflect  .   (helmet restricted)
rElec   .          Harm     .   (no cloak)
rCorr   .          Rampage  .   (gloves unavailable)
Will    .....                   (boots unavailable)
Stlth   +++.......              (no amulet)
HPRegen 0.08/turn               (no ring)
MPRegen 0.13/turn               (no ring)

@: lethally poisoned (0 -> -3), very quick
A: very small, no large weapons, unfitting armour, see invisible, speed 3,
deterioration 1, strong 1, inability to drink after injury 1
a: no special abilities


You were on level 3 of the Dungeon.
You visited 1 branch of the dungeon, and saw 3 of its levels.

You collected 148 gold pieces.
You spent 48 gold pieces at shops.

Inventory:

Hand Weapons
 a - a +1 dagger (weapon)
 j - a +3 short sword
Armour
 b - a +0 robe (worn)
 h - a +0 cloak
 i - a +0 buckler
Scrolls
 e - a scroll of enchant weapon {unknown}
 f - a scroll of teleportation {unknown}
 k - a scroll of poison {unknown}
 l - a scroll of noise {unknown}
 m - a scroll of fear {unknown}
 n - a scroll of identify
Potions
 c - 2 potions of invisibility


   Skills:
 + Level 1.7 Fighting
 - Level 1.1 Short Blades
 - Level 2.6 Dodging
 + Level 5.8 Stealth
 + Level 4.0 Spellcasting
 + Level 4.6 Hexes


You had 4 spell levels left.
You knew the following spells:

 Your Spells              Type           Power      Damage    Failure   Level
a - Ensorcelled Hibernat  Hex/Ice        22%        N/A       9%          2
b - Confusing Touch       Hex            20%        N/A       7%          3
c - Tukima's Dance        Hex            20%        N/A       7%          3

Your spell library contained the following spells:

 Spells                   Type           Power      Damage    Failure   Level
 Dazzling Flash           Conj/Hex       22%        N/A       17%         3


Dungeon Overview and Level Annotations

Branches:
Dungeon (3/15)

Altars:

Shops:
D:1 ?


Innate Abilities, Weirdness & Mutations

You are very small and have problems with some larger weapons.
You are too small for most types of armour.
You have supernaturally acute eyesight. (SInv)
You cover ground extremely quickly. (Speed+++)
Your body sometimes deteriorates upon taking damage.
Your muscles are strong. (Str +4, Int/Dex -1)
You occasionally lose the ability to drink potions when taking damage.


Message History

The adder bites you. The adder bites you but does no damage.
You hit the adder.
The adder is almost dead.
The adder closely misses you.
You hit the adder but do no damage.
The adder is almost dead.
The adder barely misses you.
You barely miss the adder.
The adder is almost dead.
The adder bites you.
* * * LOW HITPOINT WARNING * * *
You are lethally poisoned!
The adder poisons you!
You miss the adder.
The adder is almost dead.
* * * LOW HITPOINT WARNING * * *
You feel sick. The adder closely misses you.
You hit the adder.
You kill the adder!
* * * LOW HITPOINT WARNING * * *
You feel sick.
You have reached level 5!
You feel clever.
Okay, then.
There is a lethal amount of poison in your body!
As you read the scroll labelled OHUNTI NUOCS, it crumbles to dust.
It is a scroll of amnesia.
Really abort (and waste the scroll)? [Y]es or [N]o only, please.
Really abort (and waste the scroll)?
Really abort (and waste the scroll)?
Okay, then.
* * * LOW HITPOINT WARNING * * *
You feel sick.
Really quaff the potion of mutation?
You feel extremely strange.
You feel stronger.
You occasionally lose the ability to drink potions when taking damage.
You feel yourself wasting away.
You die...

###### #..@.# #.$..#
### #....#####....##
#.. #..............#
#.. #....##........#
#.. #..............#
#.. #..............#
#.. #..............#
#..
#....#.........###.#


There were no monsters in sight!

Vanquished Creatures
  7 adders
  A shadow imp (D:3)
  3 worms
  3 dart slugs
  An orc (D:3)
  2 bats
  4 endoplasms
  2 giant cockroaches
  11 goblins
  5 hobgoblins
  3 kobolds
  4 quokkas
  5 ball pythons
  4 frilled lizards
  6 rats
61 creatures vanquished.

Vanquished Creatures (others)
  2 plants (D:3)
  4 toadstools (D:1)
6 creatures vanquished.

Grand Total: 67 creatures vanquished

Notes
Turn   | Place    | Note
-------+----------+-------------------------------------------
     0 | D:1      | LynnLen the Spriggan Enchanter began the quest for the Orb.
     0 | D:1      | Reached XP level 1. HP: 9/9 MP: 5/5
   124 | D:1      | Reached XP level 2. HP: 3/14 MP: 6/6
   513 | D:1      | You fall into a shaft and drop 1 floor!
   744 | D:1      | Found Buymmol's Magic Scroll Shop.
   838 | D:1      | Learned a level 2 spell: Ensorcelled Hibernation
  1395 | D:1      | Bought a scroll of identify for 24 gold pieces
  1395 | D:1      | Bought a scroll of identify for 24 gold pieces
  1519 | D:2      | Reached skill level 5 in Stealth
  1677 | D:2      | Reached XP level 3. HP: 17/17 MP: 8/8
  1681 | D:2      | Learned a level 3 spell: Confusing Touch
  1685 | D:2      | Learned a level 3 spell: Tukima's Dance
  1703 | D:2      | Reached skill level 1 in Fighting
  2119 | D:2      | Found a faded altar of an unknown god.
  2636 | D:2      | Reached XP level 4. HP: 17/22 MP: 7/10
  3985 | D:3      | HP: 1/23 [poisoned by an adder]
  3986 | D:3      | Reached XP level 5. HP: 2/26 MP: 12/12
  3988 | D:3      | Gained mutation: Your muscles are strong. (Str +4, Int/Dex
                  | -1) [potion of mutation]
  3988 | D:3      | Gained mutation: You occasionally lose the ability to drink
                  | potions when taking damage. [potion of mutation]
  3988 | D:3      | Gained mutation: Your body sometimes deteriorates upon
                  | taking damage. [potion of mutation]
  3988 | D:3      | Succumbed to an adder's poison

Illustrated notes

Levels and vault maps discovered:
D:1:      ldierk_walled_garden_2, layout_rooms, serial_shops,
          nicolae_shop_crystal, minmay_distorted
D:2:      wad_pebble_path, layout_loops_corners, ebering_ecumenical_altar_hall,
          hangedman_abyss_or_decor_lesser_grid
D:3:      kennysheep_big_flooded_room, layout_basic,
          nicolae_elyvilon_temple_path, serial_corexii_hall,
          corexii_hall_statues_l, corexii_hall_statues_l

Skill      XL: |  1  2  3  4 |
---------------+-------------+-----
Spellcasting   | 3 4 |  4.0
Hexes          | 4 |  4.6
Stealth        | 5 |  5.8
Fighting       | 1 |  1.7
Short Blades   | |  1.1
Dodging        | |  2.6

Action                   |  1- 3 |  4- 6 || total
-------------------------+-------+-------++-------
Melee: Dagger            |   121 |    82 ||   203
       Punch             |     3 |     1 ||     4
 Cast: Ensorcelled Hiber |    12 |     7 ||    19
       Confusing Touch   |       |     1 ||     1
  Use: Scroll            |       |     3 ||     3
       Potion            |       |     1 ||     1
 Stab: Sleeping          |    21 |     8 ||    29
Armor: Robe              |     7 |    13 ||    20
Dodge: Dodged            |    77 |    43 ||   120
